General information
			
			
        
        - name: BNet
 
        - type: Ladder team game (AT/RT)
 
        - host: Battle.net
 
        - saver: TIMG4STRok
 
        
map: Cherryville 
        - players: 8
 
        - length: 28:05
 
        - speed: Fast
 - version: 1.22 W3XP
 - replay type:  

 
» download(282 KB)
Players
        team 1 (winner) 
              
              
BirdManDoes4s (
orange | 91 APM | 2568 actions | 28:04)
              
 5 Tauren Chieftain 
 3 Shockwave
 2 Endurance Aura
 1 Lich 
 1 Frost Nova
 2 Pandaren Brewmaster 
 1 Breath of Fire
 1 Drunken Haze
 
                » actions 
                
                | Assign group hotkey | 34 |  | 
| Basic commands | 109 |  | 
| Build / train | 78 |  | 
| ESC pressed | 5 |  | 
| Enter build submenu | 23 |  | 
| Enter hero's abilities submenu | 9 |  | 
| Give item / drop item | 1 |  | 
| Right click | 1361 |  | 
| Select / deselect | 441 |  | 
| Select group hotkey | 392 |  | 
| Use ability | 115 |  | 
                2568 total
 » units 
                
                | Peon | 16 |  | 
| Grunt | 7 |  | 
| Wind Rider | 5 |  | 
| Raider | 8 |  | 
| Troll Batrider | 6 |  | 
                42 total
 » upgrades
                
                | Ensnare | 1 |  | 
| Melee Weapons | 2 |  | 
| Liquid Fire | 1 |  | 
| Envenomed Spears | 1 |  | 
                5 total
 » buildings
                
                | Altar of Storms | 1 |  | 
| Orc Burrow | 4 |  | 
| Barracks | 1 |  | 
| Voodoo Lounge | 3 |  | 
| Stronghold | 1 |  | 
| War Mill | 2 |  | 
| Great Hall | 2 |  | 
| Watch Tower | 5 |  | 
| Beastiary | 2 |  | 
| Fortress | 1 |  | 
                22 total
 » build order
                00:03 Altar of Storms
00:07 Orc Burrow
00:24 Barracks
01:28 Orc Burrow
01:57 Voodoo Lounge
04:00 Stronghold
04:57 War Mill
05:18 Great Hall
05:42 Orc Burrow
06:22 Watch Tower
06:37 Watch Tower
08:13 Watch Tower
08:41 Watch Tower
09:39 Voodoo Lounge
10:00 Watch Tower
10:45 Beastiary
11:21 Beastiary
12:28 Great Hall
12:59 Voodoo Lounge
21:27 Fortress
22:43 War Mill
25:46 Orc Burrow
» items
                
                | Healing Salve | 3 |  | 
| Potion of Healing | 2 |  | 
| Potion of Mana | 2 |  | 
| Scroll of Town Portal | 6 |  | 
| Scroll of Healing | 2 |  | 
| Lesser Clarity Potion | 1 |  | 
| Orb of Lightning | 1 |  | 
| Tiny Great Hall | 1 |  | 
                18 total
  
               
              
              
DK.fighting (
yellow | 74 APM | 2083 actions | 28:04)
              
 5 Death Knight 
 3 Death Coil
 2 Unholy Aura
 6 Lich 
 3 Frost Nova
 3 Frost Armor
 
                » actions 
                
                | Assign group hotkey | 8 |  | 
| Basic commands | 8 |  | 
| Build / train | 77 |  | 
| ESC pressed | 3 |  | 
| Enter build submenu | 29 |  | 
| Enter hero's abilities submenu | 12 |  | 
| Give item / drop item | 3 |  | 
| Right click | 1267 |  | 
| Select / deselect | 514 |  | 
| Select group hotkey | 33 |  | 
| Use ability | 129 |  | 
                2083 total
 » units 
                
                | Acolyte | 16 |  | 
| Ghoul | 7 |  | 
| Crypt Fiend | 11 |  | 
| Frost Wyrm | 8 |  | 
                42 total
 » upgrades
                
                | Creature Attack | 3 |  | 
| Creature Carapace | 1 |  | 
| Web | 1 |  | 
                5 total
 » buildings
                
                | Graveyard | 1 |  | 
| Crypt | 1 |  | 
| Altar of Darkness | 1 |  | 
| Ziggurat | 14 |  | 
| Tomb of Relics | 1 |  | 
| Nerubian Tower | 1 |  | 
| Halls of the Dead | 1 |  | 
| Black Citadel | 1 |  | 
| Spirit Tower | 2 |  | 
| Sacrificial Pit | 2 |  | 
| Boneyard | 2 |  | 
                27 total
 » build order
                00:17 Graveyard
00:36 Crypt
00:56 Altar of Darkness
01:04 Ziggurat
01:05 Ziggurat
01:55 Tomb of Relics
02:00 Nerubian Tower
02:31 Ziggurat
03:56 Halls of the Dead
04:30 Ziggurat
08:02 Black Citadel
08:50 Ziggurat
09:07 Spirit Tower
09:30 Sacrificial Pit
09:42 Sacrificial Pit
11:10 Boneyard
11:13 Boneyard
11:41 Ziggurat
12:32 Ziggurat
12:33 Ziggurat
12:34 Ziggurat
12:34 Ziggurat
13:09 Ziggurat
14:59 Ziggurat
19:16 Spirit Tower
23:10 Ziggurat
24:11 Ziggurat
» items
                
                | Rod of Necromancy | 1 |  | 
| Dust of Appearance | 2 |  | 
| Scroll of Town Portal | 4 |  | 
| Orb of Corruption | 1 |  | 
| Scroll of Healing | 1 |  | 
| Potion of Lesser Invulnerability | 1 |  | 
                10 total
  
               
              
              
KNIFE]NOOBELF (
purple | 80 APM | 2243 actions | 28:04)
              
 6 Archmage 
 3 Summon Water Elemental
 2 Brilliance Aura
 1 Mass Teleport
 3 Mountain King 
 2 Storm Bolt
 1 Thunder Clap
 
                » actions 
                
                | Assign group hotkey | 100 |  | 
| Basic commands | 36 |  | 
| Build / train | 90 |  | 
| ESC pressed | 2 |  | 
| Enter build submenu | 32 |  | 
| Enter hero's abilities submenu | 10 |  | 
| Give item / drop item | 3 |  | 
| Remove unit from queue | 3 |  | 
| Right click | 953 |  | 
| Select / deselect | 316 |  | 
| Select group hotkey | 587 |  | 
| Use ability | 111 |  | 
                2243 total
 » units 
                
                | Peasant | 21 |  | 
| Footman | 11 |  | 
| Rifleman | 1 |  | 
| Mortar Team | 6 |  | 
| Goblin Shredder | 2 |  | 
| Flying Machine | 5 |  | 
                46 total
 » upgrades
                
                | Masonry | 2 |  | 
| Gunpowder | 3 |  | 
| Lumber Harvesting | 1 |  | 
| Flare | 1 |  | 
| Fragmentation Shards | 1 |  | 
| Plating | 3 |  | 
| Flak Cannons | 1 |  | 
                12 total
 » buildings
                
                | Altar of Kings | 1 |  | 
| Farm | 13 |  | 
| Barracks | 1 |  | 
| Lumber Mill | 1 |  | 
| Scout Tower | 12 |  | 
| Guard Tower | 5 |  | 
| Arcane Vault | 1 |  | 
| Town Hall | 3 |  | 
| Keep | 1 |  | 
| Blacksmith | 1 |  | 
| Workshop | 4 |  | 
| Castle | 1 |  | 
                44 total
 » build order
                00:21 Altar of Kings
00:35 Farm
00:50 Barracks
01:08 Farm
01:41 Lumber Mill
01:53 Farm
02:07 Scout Tower
02:14 Scout Tower
03:09 Guard Tower
03:30 Farm
04:21 Arcane Vault
04:31 Town Hall
04:45 Keep
04:57 Scout Tower
04:58 Scout Tower
05:27 Guard Tower
09:14 Blacksmith
09:54 Workshop
09:56 Workshop
09:57 Scout Tower
10:36 Guard Tower
12:28 Farm
12:30 Farm
12:31 Farm
12:52 Farm
14:14 Castle
16:55 Farm
16:55 Farm
16:56 Farm
17:01 Town Hall
20:41 Workshop
20:46 Farm
20:47 Farm
21:22 Scout Tower
21:22 Scout Tower
21:24 Scout Tower
21:25 Scout Tower
21:26 Scout Tower
21:27 Scout Tower
21:28 Scout Tower
22:48 Guard Tower
24:46 Guard Tower
24:52 Workshop
25:53 Town Hall
» items
                
                | Lesser Clarity Potion | 1 |  | 
| Scroll of Town Portal | 7 |  | 
| Potion of Healing | 1 |  | 
| Scroll of Regeneration | 1 |  | 
| Orb of Fire | 1 |  | 
                11 total
  
               
              
              
» 
TIMG4STRok (
green | 183 APM | 5136 actions | 28:05)
              
 5 Death Knight 
 2 Unholy Aura
 3 Death Coil
 4 Lich 
 2 Frost Armor
 2 Frost Nova
 4 Crypt Lord 
 2 Impale
 2 Spiked Carapace
 
                » actions 
                
                | Assign group hotkey | 33 |  | 
| Basic commands | 75 |  | 
| Build / train | 70 |  | 
| ESC pressed | 4 |  | 
| Enter build submenu | 28 |  | 
| Enter hero's abilities submenu | 14 |  | 
| Give item / drop item | 3 |  | 
| Right click | 2135 |  | 
| Select / deselect | 263 |  | 
| Select group hotkey | 2418 |  | 
| Use ability | 93 |  | 
                5136 total
 » units 
                
                | Acolyte | 4 |  | 
| Ghoul | 2 |  | 
| Crypt Fiend | 14 |  | 
| Frost Wyrm | 11 |  | 
                31 total
 » upgrades
                
                | Web | 1 |  | 
| Burrow | 1 |  | 
| Creature Carapace | 1 |  | 
| Unholy Strength | 1 |  | 
| Creature Attack | 2 |  | 
| Freezing Breath | 1 |  | 
                7 total
 » buildings
                
                | Graveyard | 1 |  | 
| Crypt | 1 |  | 
| Ziggurat | 9 |  | 
| Altar of Darkness | 1 |  | 
| Halls of the Dead | 1 |  | 
| Tomb of Relics | 2 |  | 
| Black Citadel | 1 |  | 
| Spirit Tower | 5 |  | 
| Sacrificial Pit | 1 |  | 
| Boneyard | 2 |  | 
| Necropolis | 2 |  | 
                26 total
 » build order
                00:07 Graveyard
00:22 Crypt
00:30 Ziggurat
01:02 Altar of Darkness
02:01 Ziggurat
04:07 Halls of the Dead
04:23 Ziggurat
06:25 Tomb of Relics
08:41 Black Citadel
09:14 Ziggurat
10:33 Spirit Tower
10:39 Sacrificial Pit
10:41 Spirit Tower
11:05 Spirit Tower
11:06 Spirit Tower
11:15 Tomb of Relics
12:20 Boneyard
12:22 Boneyard
12:27 Ziggurat
12:46 Necropolis
14:29 Spirit Tower
14:35 Ziggurat
17:33 Ziggurat
21:06 Necropolis
25:11 Ziggurat
25:12 Ziggurat
» items
                
                | Orb of Corruption | 1 |  | 
| Potion of Healing | 2 |  | 
| Dust of Appearance | 1 |  | 
| Scroll of Town Portal | 4 |  | 
| Potion of Mana | 1 |  | 
                9 total
  
               team 2 (loser) 
              
              
FurnaceAdmirer (
pink | 145 APM | 4081 actions | 28:03)
              
 6 Blademaster 
 2 Wind Walk
 3 Critical Strike
 1 Bladestorm
 
                » actions 
                
                | Assign group hotkey | 33 |  | 
| Basic commands | 204 |  | 
| Build / train | 56 |  | 
| ESC pressed | 3 |  | 
| Enter build submenu | 25 |  | 
| Enter hero's abilities submenu | 6 |  | 
| Right click | 1587 |  | 
| Select / deselect | 305 |  | 
| Select group hotkey | 1777 |  | 
| Use ability | 85 |  | 
                4081 total
 » units 
                
                | Peon | 12 |  | 
| Grunt | 13 |  | 
| Tauren | 7 |  | 
| Troll Witch Doctor | 5 |  | 
                37 total
 » upgrades
                
                | Witch Doctor Training | 2 |  | 
| Backpack | 1 |  | 
| Pulverize | 1 |  | 
                4 total
 » buildings
                
                | Altar of Storms | 1 |  | 
| Orc Burrow | 10 |  | 
| Barracks | 1 |  | 
| Voodoo Lounge | 1 |  | 
| Stronghold | 1 |  | 
| Fortress | 1 |  | 
| Spirit Lodge | 1 |  | 
| War Mill | 1 |  | 
| Tauren Totem | 4 |  | 
| Watch Tower | 3 |  | 
| Great Hall | 3 |  | 
                27 total
 » build order
                00:05 Altar of Storms
00:21 Orc Burrow
00:37 Barracks
01:34 Orc Burrow
01:54 Voodoo Lounge
03:19 Orc Burrow
04:03 Stronghold
05:39 Orc Burrow
06:37 Fortress
06:54 Spirit Lodge
09:11 War Mill
09:15 Orc Burrow
10:28 Tauren Totem
10:31 Tauren Totem
11:56 Orc Burrow
11:59 Orc Burrow
12:58 Tauren Totem
13:01 Tauren Totem
13:30 Orc Burrow
13:33 Orc Burrow
18:25 Orc Burrow
21:19 Watch Tower
22:14 Great Hall
22:32 Great Hall
23:18 Watch Tower
23:21 Watch Tower
26:17 Great Hall
» items
                 
               
              
              
Ranger_Doom (
red | 66 APM | 1847 actions | 28:02)
              
 6 Keeper of the Grove 
 3 Entangling Roots
 2 Thorns Aura
 1 Tranquility
 3 Priestess of the Moon 
 2 Trueshot Aura
 1 Searing Arrows
 
                » actions 
                
                | Assign group hotkey | 28 |  | 
| Basic commands | 214 |  | 
| Build / train | 56 |  | 
| Enter build submenu | 20 |  | 
| Enter hero's abilities submenu | 9 |  | 
| Right click | 587 |  | 
| Select / deselect | 340 |  | 
| Select group hotkey | 535 |  | 
| Use ability | 58 |  | 
                1847 total
 » units 
                
                | Wisp | 10 |  | 
| Huntress | 4 |  | 
| Dryad | 6 |  | 
| Druid of the Talon | 4 |  | 
| Chimaera | 6 |  | 
| Hippogryph | 2 |  | 
                32 total
 » upgrades
                
                | Ultravision | 1 |  | 
| Abolish Magic | 1 |  | 
| Reinforced Hides | 1 |  | 
| Strength of the Wild | 1 |  | 
| Corrosive Breath | 1 |  | 
| Druid of the Talon Training | 1 |  | 
                6 total
 » buildings
                
                | Altar of Elders | 1 |  | 
| Moon Well | 8 |  | 
| Hunter's Hall | 1 |  | 
| Ancient of War | 1 |  | 
| Tree of Ages | 1 |  | 
| Ancient of Lore | 2 |  | 
| Tree of Eternity | 1 |  | 
| Ancient of Wind | 1 |  | 
| Chimaera Roost | 2 |  | 
                18 total
 » build order
                00:18 Altar of Elders
00:22 Moon Well
01:02 Hunter's Hall
01:28 Ancient of War
01:55 Moon Well
02:37 Tree of Ages
02:42 Moon Well
04:59 Ancient of Lore
05:01 Ancient of Lore
05:31 Moon Well
09:51 Tree of Eternity
09:53 Moon Well
09:55 Moon Well
12:14 Ancient of Wind
13:42 Chimaera Roost
13:46 Chimaera Roost
14:30 Moon Well
18:18 Moon Well
» items
                
                | Scroll of Town Portal | 3 |  | 
| Orb of Lightning | 1 |  | 
                4 total
  
               
              
              
wisdom-trooper (
teal | 48 APM | 1341 actions | 28:04)
              
 6 Death Knight 
 3 Death Coil
 1 Unholy Aura
 1 Death Pact
 1 Animate Dead
 
                » actions 
                
                | Basic commands | 127 |  | 
| Build / train | 51 |  | 
| Enter build submenu | 26 |  | 
| Enter hero's abilities submenu | 6 |  | 
| Remove unit from queue | 1 |  | 
| Right click | 636 |  | 
| Select / deselect | 445 |  | 
| Use ability | 49 |  | 
                1341 total
 » units 
                
                | Acolyte | 7 |  | 
| Ghoul | 2 |  | 
| Crypt Fiend | 14 |  | 
| Obsidian Statue | 4 |  | 
| Frost Wyrm | 4 |  | 
                31 total
 » upgrades
                
                | Creature Attack | 3 |  | 
| Creature Carapace | 1 |  | 
| Web | 1 |  | 
| Freezing Breath | 1 |  | 
                6 total
 » buildings
                
                | Altar of Darkness | 1 |  | 
| Ziggurat | 9 |  | 
| Crypt | 2 |  | 
| Nerubian Tower | 1 |  | 
| Tomb of Relics | 1 |  | 
| Graveyard | 1 |  | 
| Halls of the Dead | 1 |  | 
| Spirit Tower | 2 |  | 
| Slaughterhouse | 1 |  | 
| Sacrificial Pit | 1 |  | 
| Black Citadel | 1 |  | 
| Boneyard | 2 |  | 
                23 total
 » build order
                00:10 Altar of Darkness
00:16 Ziggurat
00:46 Crypt
01:02 Ziggurat
01:16 Nerubian Tower
01:32 Tomb of Relics
02:26 Crypt
02:35 Graveyard
02:43 Ziggurat
03:20 Ziggurat
06:19 Halls of the Dead
08:58 Spirit Tower
09:01 Slaughterhouse
09:50 Sacrificial Pit
11:00 Ziggurat
12:12 Black Citadel
12:29 Ziggurat
13:25 Spirit Tower
14:46 Boneyard
20:44 Boneyard
21:27 Ziggurat
21:29 Ziggurat
21:32 Ziggurat
» items
                 
               
              
              
xx_doom_xx (
blue | 64 APM | 1804 actions | 28:00)
              
 6 Keeper of the Grove 
 3 Entangling Roots
 2 Thorns Aura
 1 Tranquility
 3 Priestess of the Moon 
 2 Searing Arrows
 1 Trueshot Aura
 
                » actions 
                
                | Assign group hotkey | 30 |  | 
| Build / train | 69 |  | 
| Enter build submenu | 19 |  | 
| Enter hero's abilities submenu | 9 |  | 
| Give item / drop item | 2 |  | 
| Remove unit from queue | 2 |  | 
| Right click | 982 |  | 
| Select / deselect | 320 |  | 
| Select group hotkey | 304 |  | 
| Use ability | 67 |  | 
                1804 total
 » units 
                
                | Wisp | 13 |  | 
| Archer | 13 |  | 
| Huntress | 3 |  | 
| Glaive Thrower | 2 |  | 
| Dryad | 5 |  | 
| Druid of the Talon | 3 |  | 
| Mountain Giant | 3 |  | 
| Faerie Dragon | 1 |  | 
| Chimaera | 2 |  | 
                45 total
 » upgrades
                
                | Strength of the Moon | 1 |  | 
| Improved Bows | 1 |  | 
| Vorpal Blades | 1 |  | 
| Marksmanship | 1 |  | 
| Abolish Magic | 1 |  | 
| Hardened Skin | 1 |  | 
| Corrosive Breath | 1 |  | 
                7 total
 » buildings
                
                | Moon Well | 6 |  | 
| Altar of Elders | 1 |  | 
| Ancient of War | 2 |  | 
| Tree of Ages | 1 |  | 
| Hunter's Hall | 1 |  | 
| Ancient of Lore | 1 |  | 
| Tree of Eternity | 1 |  | 
| Ancient of Wind | 1 |  | 
| Tree of Life | 2 |  | 
| Chimaera Roost | 2 |  | 
| Ancient of Wonders | 1 |  | 
                19 total
 » build order
                00:09 Moon Well
00:35 Altar of Elders
00:53 Ancient of War
01:45 Moon Well
02:14 Moon Well
03:09 Ancient of War
04:13 Tree of Ages
04:22 Hunter's Hall
05:38 Moon Well
06:14 Moon Well
08:38 Ancient of Lore
09:45 Tree of Eternity
12:34 Ancient of Wind
13:33 Tree of Life
13:44 Chimaera Roost
13:47 Ancient of Wonders
14:04 Moon Well
14:43 Chimaera Roost
24:58 Tree of Life
» items
                 
                Chat log
          (00:19 / All) BirdManDoes4s: E.J
(00:33 / All) KNIFE]NOOBELF: some elton jeezy in this bithc
(00:52 / All) BirdManDoes4s: sorry come again
(00:59 / All) KNIFE]NOOBELF: some of that
(01:05 / All) KNIFE]NOOBELF: real sticky icky shit
(01:14 / All) BirdManDoes4s: I have sweaty armpits
(01:26 / All) KNIFE]NOOBELF: dont dry them
(01:34 / All) KNIFE]NOOBELF: let them dread lock
(01:38 / All) BirdManDoes4s: -.-
(05:43 / Allies) KNIFE]NOOBELF: tp
(05:46 / Allies) KNIFE]NOOBELF: when they come
(06:00 / Allies) DK.fighting: all?
(06:03 / Allies) BirdManDoes4s: tp
(06:07 / Allies) KNIFE]NOOBELF: can u take that
(06:09 / Allies) BirdManDoes4s: everyone
(06:12 / Allies) BirdManDoes4s: nvm
(06:12 / Allies) BirdManDoes4s: nvm
(06:25 / Allies) KNIFE]NOOBELF: expo
(09:37 / Allies) KNIFE]NOOBELF: uds be ready to tower up
(10:39 / Allies) DK.fighting: totems
(11:26 / Allies) KNIFE]NOOBELF: hall
(11:27 / Allies) KNIFE]NOOBELF: imo
(16:32 / Allies) DK.fighting: morts
(16:36 / Allies) DK.fighting: yes good
(16:47 / Allies) KNIFE]NOOBELF: dont wanna do anytthing until i have frag
(19:09 / Allies) BirdManDoes4s: tower?
(19:23 / Allies) KNIFE]NOOBELF: go
(22:03 / Allies) DK.fighting: coil meh
(22:09 / Allies) DK.fighting: ty
(22:47 / Allies) DK.fighting: wood
(23:46 / Allies) TIMG4STRok: jack
(24:08 / Allies) DK.fighting: 2 free chims
(25:08 / All) KNIFE]NOOBELF: 3 for one
(25:13 / All) KNIFE]NOOBELF: ill tkae it
(25:32 / Allies) TIMG4STRok: kill expo then tp to me
(26:22 / Allies) TIMG4STRok: tp
(27:38 / All) FurnaceAdmirer: gg
(27:43 / All) BirdManDoes4s: noobz
(27:46 / All) FurnaceAdmirer: :(
(27:51 / All) KNIFE]NOOBELF: pros
(27:55 / All) FurnaceAdmirer: :)
(27:58 / All) BirdManDoes4s: noobs
(27:59 / All) KNIFE]NOOBELF: gg
(28:01 / All) DK.fighting: gg
(28:02 / All) KNIFE]NOOBELF: pros
(28:04 / All) KNIFE]NOOBELF: teach me